 Dungeon Crawl Stone Soup version 0.30.1-11-g7821555f0a (webtiles) character file.

Game seed: 1679282488479224818

247 Ijustatesigmund the Conjurer (level 6, 0/41 HPs)
             Began as an Octopode Conjurer on Jan 13, 2024.
             Slain by a black bear (6 damage)
             ... on level 4 of the Dungeon.
             The game lasted 00:04:58 (3937 turns).

Ijustatesigmund the Conjurer (Octopode Conjurer)    Turns: 3937, Time: 00:04:59

Health: 0/41       AC:  1    Str:  6    XL:     6   Next: 11%
Magic:  0/10       EV: 13    Int: 23    God:
Gold:   173        SH:  0    Dex: 10    Spells: 4/11 levels left

rFire   . . .        c - +0 war axe
rCold   . . .        (no shield)
rNeg    . . .        (helmet restricted)
rPois   .            (no amulet)
rElec   .            i - ring of wizardry
rCorr   .            (no ring)
SInv    .            (no ring)
Will    .....        (no ring)
Stlth   +++          (no ring)
HPRegen 0.26/turn    (no ring)
MPRegen 0.12/turn    (no ring)
                     (no ring)

%: wizardry (x1)
@: no status effects
A: almost no armour, amphibious, 8 rings, camouflage 1, gelatinous body 1,
(nimble swimmer 1), tentacles
a: no special abilities


You were on level 4 of the Dungeon.
You visited 1 branch of the dungeon, and saw 4 of its levels.

You collected 173 gold pieces.

Inventory:

Hand Weapons
 c - a +0 war axe (weapon)
Jewellery
 i - a ring of wizardry (left tentacle)
Wands
 d - a wand of roots (14)
Scrolls
 b - a scroll of immolation
 e - 2 scrolls of teleportation {unknown}
 f - a scroll of fear
 g - a scroll of brand weapon {unknown}
 k - 3 scrolls of vulnerability {unknown}
Potions
 a - a potion of magic
 h - a potion of flight {unknown}
 j - a potion of curing {unknown}
 l - a potion of invisibility {unknown}


   Skills:
 + Level 2.7 Fighting
 - Level 2.0 Dodging
 - Level 2.6 Stealth
 + Level 3.2 Spellcasting
 + Level 4.9 Conjurations
 * Level 2.5 Translocations


You had 4 spell levels left.
You knew the following spells:

 Your Spells              Type           Power      Damage    Failure   Level
a - Magic Dart            Conj           100%       1d8       1%          1
b - Searing Ray           Conj           52%        2d6       1%          2
c - Iskenderun's Mystic   Conj/Tloc      21%        2d6       10%         4

Your spell library contained the following spells:

 Spells                   Type           Power      Damage    Failure   Level
 Dazzling Flash           Conj/Hex       30%        N/A       4%          3
 Fulminant Prism          Conj/Hex       7%         3d7       16%         4
 Borgnjor's Revivificati  Necr           1%         N/A       100%        8
 Necromutation            Tmut/Necr      1%         N/A       100%        8
 Death's Door             Necr           1%         N/A       100%        9


Dungeon Overview and Level Annotations

Branches:
Dungeon (4/15)
 Temple: D:4-7

Altars:


Innate Abilities, Weirdness & Mutations

You cannot wear most types of armour.
You are amphibious.
You can wear up to eight rings at the same time.
Your skin changes colour to match your surroundings (Stealth+).
Your rubbery body absorbs attacks. (AC +1, EV +1)
((You are camouflaged when in or above water. (Stealth+)))
You have tentacles for arms and can constrict up to eight enemies at once.


Message History

The searing ray hits the black bear!
The black bear is severely wounded.
The black bear bites you. The black bear closely misses you.
The black bear barely misses you.
The searing ray misses the black bear.
You finish channelling your searing ray.
The black bear closely misses you. The black bear misses you.
The black bear barely misses you.
Casting: Searing Ray (safe; 1% risk of failure)
Confirm with . or Enter, or press ? or * to list all spells.
You don't have enough magic to cast this spell.
Casting: Searing Ray (safe; 1% risk of failure)
Confirm with . or Enter, or press ? or * to list all spells.
Aiming: Searing Ray (safe; 1% risk of failure)
Press: ? - help, Shift-Dir - straight line, f/p - black bear
Aim: a black bear (severely wounded, 85% to hit)
The searing ray hits the black bear.
The black bear is almost dead. (Press . to maintain the ray.)
The black bear goes berserk!
Without enough magic to sustain it, your searing ray dissipates.
The black bear bites you! The black bear barely misses you.
The black bear closely misses you.
You hit the black bear but do no damage.
Your grab misses the black bear.
The black bear is severely wounded.
The black bear barely misses you. The black bear claws you. x2
The black bear bites you!
* * * LOW HITPOINT WARNING * * *
The black bear closely misses you. The black bear barely misses you. x2
The black bear completely misses you. The black bear closely misses you.
Okay, then.
You hit the black bear. Your grab misses the black bear.
The black bear is almost dead.
The black bear closely misses you. The black bear claws you.
* * * LOW HITPOINT WARNING * * *
The black bear claws you.
* * * LOW HITPOINT WARNING * * *
The black bear bites you.
You die...

# ### #.# # #.# # # #.#
#####.#### # #.#
#.........
#########.#####.@h......
........................
######.................
##............######
#.†.........>..# #
#..............# #
#..............#
#####..............#
.##.............(..#


You could see a black bear (berserk).

Vanquished Creatures
  A phantom (D:4)
  Natasha (D:2)
  An orc wizard (D:4)
  4 adders
  2 dart slugs (D:2)
  3 orcs (D:4)
  9 ball pythons
  5 bats
  6 endoplasms
  6 giant cockroaches
  7 hobgoblins
  4 jackals (D:3)
  2 quokkas (D:4)
  7 frilled lizards
  8 goblins
  9 kobolds
  5 rats
80 creatures vanquished.

Notes
Turn   | Place    | Note
-------+----------+-------------------------------------------
     0 | D:1      | Ijustatesigmund the Octopode Conjurer began the quest for
                  | the Orb.
     0 | D:1      | Reached XP level 1. HP: 11/11 MP: 3/3
   270 | D:1      | Reached XP level 2. HP: 18/18 MP: 3/5
   273 | D:1      | Learned a level 2 spell: Searing Ray
   565 | D:1      | Reached skill level 1 in Fighting
  1310 | D:2      | Reached XP level 3. HP: 23/23 MP: 4/6
  1714 | D:2      | Reached XP level 4. HP: 23/29 MP: 2/8
  1770 | D:2      | Learned a level 4 spell: Iskenderun's Mystic Blast
  1965 | D:2      | Noticed Natasha
  1969 | D:2      | Killed Natasha
  1970 | D:2      | Reached skill level 1 in Translocations
  2805 | D:3      | Reached XP level 5. HP: 34/34 MP: 7/9
  3493 | D:4      | Noticed a phantom
  3703 | D:4      | Killed a phantom
  3704 | D:4      | Reached XP level 6. HP: 20/41 MP: 1/10
  3925 | D:4      | Noticed a black bear
  3937 | D:4      | Slain by a black bear

Illustrated notes

Levels and vault maps discovered:
D:1:      dpeg_arrival_arbitrary_a, layout_basic
D:2:      layout_loops_ring, minmay_misc_feat_diagonals, uniq_natasha
D:3:      layout_loops_ring, wander_ebering_terrifying_dragon_lair
D:4:      minmay_chambers_of_twos, layout_rooms, amcnicky_altar_gilded

Skill      XL: |  1  2  3  4  5 |
---------------+----------------+-----
Fighting       | 1 2 |  2.7
Translocations | 1 2 |  2.5
Spellcasting   | 3 |  3.2
Dodging        | |  2.0
Stealth        | |  2.6
Conjurations   | |  4.9

Action                     |  1- 3 |  4- 6 || total
---------------------------+-------+-------++-------
  Melee: Unarmed           |     2 |       ||     2
         Constrict         |     4 |     4 ||     8
         Tentacles         |     2 |     4 ||     6
         Spear             |    15 |       ||    15
         Punch             |     1 |       ||     1
         War axe           |       |    18 ||    18
   Cast: Magic Dart        |    57 |    66 ||   123
         Searing Ray       |       |     5 ||     5
    Use: Scroll            |       |     4 ||     4
         Potion            |       |     1 ||     1
 Armour: Skin              |     2 |       ||     2
  Dodge: Dodged            |    13 |    29 ||    42
